 Dungeon Crawl Stone Soup version 0.20.1-1-g8b1a95d (webtiles) character file.

421 froobite the Cudgeler (level 6, 0/57 HPs)
             Began as a Minotaur Berserker on July 31, 2017.
             Was a Believer of Trog.
             Slain by Pikel
             ... wielding a +0 whip of freezing
              (4 damage)
             ... on level 4 of the Dungeon.
             The game lasted 00:12:18 (2863 turns).

froobite the Cudgeler (Minotaur Berserker)          Turns: 2863, Time: 00:12:19

Health: 0/57       AC:  7    Str: 22    XL:     6   Next: 62%
Magic:  5/5        EV: 11    Int:  5    God:    Trog [**....]
Gold:   245        SH:  0    Dex: 10    Spells: 5/5 levels left

rFire    . . .     SeeInvis .   a - +1 mace
rCold    . . .     Gourm    .   (no shield)
rNeg     . . .     Faith    .   s - +0 scale mail
rPois    .         Spirit   .   (helmet restricted)
rElec    .         Reflect  .   (no cloak)
rCorr    .         Harm     .   o - +0 pair of gloves
MR       ++...                  (no boots)
Stlth    ..........             (no amulet)
Regen    1.2/turn               (no ring)
MPRegen  0.1/turn               (no ring)

@: berserk cooldown, regenerating, slowed, very slow
A: retaliatory headbutt, horns 2
a: Berserk, Trog's Hand, Burn Spellbooks, Renounce Religion


You were on level 4 of the Dungeon.
You worshipped Trog.
Trog was pleased with you.
You were not hungry.

You visited 1 branch of the dungeon, and saw 4 of its levels.

You collected 245 gold pieces.

Inventory:

Hand Weapons
 a - a +1 mace (weapon)
Armour
 b - a +0 animal skin
 i - a +0 leather armour
 j - a +0 leather armour
 o - a +0 pair of gloves (worn)
 s - a +0 scale mail (worn)
Jewellery
 r - a cursed ring of flight
Scrolls
 e - a scroll of recharging
 k - a scroll of remove curse
 n - 2 scrolls of identify
 p - 2 scrolls of teleportation
 q - 2 scrolls of enchant weapon
Potions
 d - 2 potions of curing
 f - a potion of might {unknown}
 g - a potion of resistance {unknown}
 h - a potion of agility {unknown}
 t - a potion of ambrosia {unknown}
Comestibles
 c - 2 bread rations
 l - a royal jelly
 m - 2 meat rations


   Skills:
 + Level 5.7 Fighting
 + Level 6.4 Maces & Flails
 + Level 3.1 Armour
 + Level 3.8 Dodging
 + Level 1.1 Stealth


You had 5 spell levels left.
You didn't know any spells.

Dungeon Overview and Level Annotations

Branches:
Dungeon (4/15)             Temple (0/1) D:4

Altars:
Trog

Shops:
D:4 =

Annotations:
D:4 Pikel


Innate Abilities, Weirdness & Mutations

You reflexively headbutt those who attack you in melee.
You have a pair of horns on your head.


Message History

Pikel hits you but does no damage. Pikel hits you with a whip of freezing.
* * * LOW HITPOINT WARNING * * *
Pikel freezes you.
* * * LOW HITPOINT WARNING * * *
Pikel hits you with a whip of freezing.
* * * LOW HITPOINT WARNING * * *
Pikel freezes you.
* * * LOW HITPOINT WARNING * * *
There is a stone staircase leading down here.
Pikel hits you with a whip of freezing.
* * * LOW HITPOINT WARNING * * *
Pikel freezes you.
* * * LOW HITPOINT WARNING * * *
You hit Pikel but do no damage. Your headbutt misses Pikel.
You feel the effects of Trog's Hand fading.
Pikel hits you with a whip of freezing!
* * * LOW HITPOINT WARNING * * *
Pikel freezes you.
You die...

.# .### ...
#####.#####.
#.p.pp...... #
#p###.#####.
#.##.###.#####
#..pK........p
####@#########
#.# #.######
#......#
####.#.#
##..[.###..
#.......'..
##....###..
##.#.#


You could see Pikel and 3 slaves.

Vanquished Creatures
  Edmund (D:4)
  The ghost of dmj the Ducker, an amateur TrFi (D:3)
  A slave (D:4)
  A scorpion (D:4)
  A crimson imp (D:4)
  An orc wizard (D:3)
  A worker ant (D:3)
  An adder (D:4)
  2 dart slugs (D:1)
  2 leopard geckos
  2 orcs (D:3)
  2 ball pythons
  7 bats
  4 giant cockroaches
  5 goblins
  3 hobgoblins
  3 jackals (D:2)
  8 kobolds
  3 quokkas
  4 frilled lizards
  3 rats (D:1)
56 creatures vanquished.

Vanquished Creatures (others)
  A wizard (D:3)
1 creature vanquished.

Grand Total: 57 creatures vanquished

Notes
Turn   | Place    | Note
-------+----------+-------------------------------------------
     0 | D:1      | froobite the Minotaur Berserker began the quest for the Orb.
     0 | D:1      | Reached XP level 1. HP: 19/19 MP: 0/0
   187 | D:1      | Reached skill level 4 in Maces & Flails
   187 | D:1      | Reached XP level 2. HP: 14/27 MP: 1/1
   841 | D:2      | Reached ** piety under Trog
  1048 | D:2      | Reached XP level 3. HP: 20/33 MP: 2/2
  1634 | D:3      | Noticed dmj's ghost (amateur TrFi)
  1651 | D:3      | Killed dmj's ghost
  1651 | D:3      | Reached skill level 5 in Maces & Flails
  1651 | D:3      | Reached XP level 4. HP: 10/41 MP: 3/3
  1654 | D:3      | Reached XP level 5. HP: 12/47 MP: 4/4
  1894 | D:3      | Reached skill level 5 in Fighting
  2049 | D:3      | Found a bloodstained altar of Trog.
  2053 | D:3      | Noticed a wizard
  2058 | D:3      | Killed a wizard
  2386 | D:4      | Found Qanocuw's Jewellery Emporium.
  2482 | D:4      | Found a staircase to the Ecumenical Temple.
  2484 | D:4      | Noticed Edmund
  2503 | D:4      | Killed Edmund
  2503 | D:4      | Reached skill level 6 in Maces & Flails
  2503 | D:4      | Reached skill level 1 in Stealth
  2503 | D:4      | Reached XP level 6. HP: 21/56 MP: 5/5
  2829 | D:4      | Noticed Pikel
  2830 | D:4      | Noticed a slave
  2834 | D:4      | Noticed a slave
  2836 | D:4      | Noticed a slave
  2837 | D:4      | Noticed a slave
  2845 | D:4      | Killed a slave
  2863 | D:4      | Slain by Pikel

Skill      XL: |  1  2  3  4  5  6 |
---------------+-------------------+-----
Maces & Flails | 4 5 6 |  6.4
Fighting       | 4 5 |  5.7
Dodging        | 3 |  3.8
Stealth        | 1 |  1.1
Armour         | 3 |  3.1

Action                   |  1- 3 |  4- 6 || total
-------------------------+-------+-------++-------
Melee: Mace              |    69 |    84 ||   153
       Headbutt          |     9 |    12 ||    21
Invok: Burn Spellbooks   |     1 |     1 ||     2
       Berserk           |     1 |     1 ||     2
       Trog's Hand       |       |     1 ||     1
  Use: Scroll            |     5 |     6 ||    11
       Potion            |       |     1 ||     1
  Eat: Chunk             |     1 |     3 ||     4
       Bread ration      |       |     1 ||     1
Armor: Animal skin       |    26 |     2 ||    28
       Leather armour    |       |     5 ||     5
       Scale mail        |       |    11 ||    11
Dodge: Dodged            |    75 |    48 ||   123
